 Dungeon Crawl Stone Soup version 0.30.0-10-gfe55d96785 (webtiles) character file.

Game seed: 11489547084370436959

457 sircluck the Ruffian (level 6, -1/61 HPs)
             Began as a Troll Berserker on May 15, 2023.
             Was a Priest of Trog.
             Slain by an ice beast (5 damage)
             ... on level 5 of the Dungeon.
             The game lasted 00:04:00 (3099 turns).

sircluck the Ruffian (Troll Berserker)              Turns: 3099, Time: 00:04:00

Health: -1/61      AC:  4    Str: 28    XL:     6   Next: 77%
Magic:  5/5        EV: 10    Int:  3    God:    Trog [***...]
Gold:   303        SH:  0    Dex:  9    Spells: 5/5 levels left

rFire   . .          .
                       - Unarmed
rCold   . . .        (no shield)
rNeg    . . .        a - +0 animal skin
rPois   .            (helmet restricted)
rElec   .            (no cloak)
rCorr   .            (gloves unavailable)
SInv    .            (boots unavailable)
Will    .....        n - amulet of regeneration
Stlth   +            (no ring)
HPRegen 1.90/turn    (no ring)
MPRegen 0.09/turn

%: no passive effects
@: no status effects
A: large, unfitting armour, claws 3, regeneration 1, shaggy fur 1, tough skin 1
a: Renounce Religion, Berserk, Trog's Hand


You were on level 5 of the Dungeon.
You worshipped Trog.
Trog was most pleased with you.
You visited 1 branch of the dungeon, and saw 5 of its levels.

You collected 303 gold pieces.

Inventory:

Missiles
 g - 26 stones (quivered)
 i - 2 poisoned darts
 l - a throwing net
Armour
 a - a +0 animal skin (worn)
Jewellery
 c - an amulet of guardian spirit
 f - an amulet of faith
 n - an amulet of regeneration (around neck)
Wands
 o - a wand of acid (12)
Scrolls
 b - 2 scrolls of teleportation {unknown}
 d - 4 scrolls of immolation
 e - 2 scrolls of identify
 j - a scroll of enchant armour
 k - a scroll of fog
 m - 2 scrolls of magic mapping
Potions
 h - 4 potions of curing
 p - 2 potions of attraction {unknown}
 q - 2 potions of might {unknown}


   Skills:
 + Level 3.1 Fighting
 + Level 0.1 Throwing
 + Level 3.8 Dodging
 + Level 0.8 Stealth
 + Level 6.0 Unarmed Combat


You had 5 spell levels left.
You didn't know any spells.
Your spell library was empty.

Dungeon Overview and Level Annotations

Branches:
Dungeon (5/15)
 Temple: D:4-7

Altars:
Ashenzari
Uskayaw
The Shining One


Innate Abilities, Weirdness & Mutations

You are too large for most types of armour.
You have claws for hands.
Your natural rate of healing is unusually fast.
You are covered in fur. (AC +1)
You have tough skin. (AC +1)


Message History

You scratch the orc.
You kill the orc!
Trog accepts your kill. The orc barely misses you. The ice beast hits you.
The ice beast freezes you! The orc barely misses you.
There are monsters nearby!
You claw the ice beast!
The ice beast is moderately wounded.
The orc barely misses you. The ice beast hits you. The ice beast freezes you!
The orc hits you but does no damage.
There are monsters nearby!
You are too injured to fight recklessly!
There are monsters nearby!
You are too injured to fight recklessly!
There are monsters nearby!
You are too injured to fight recklessly!
There are monsters nearby!
You are too injured to fight recklessly!
There are monsters nearby!
You are too injured to fight recklessly!
There are monsters nearby!
You are too injured to fight recklessly!
You claw the ice beast!
The ice beast is severely wounded.
The orc barely misses you.
The orc hits you from afar with a +0 trident!
The ice beast hits you but does no damage.
You closely miss the ice beast.
The ice beast is severely wounded.
The orc barely misses you. The ice beast hits you. The ice beast freezes you!
* * * LOW HITPOINT WARNING * * *
The orc hits you from afar with a +0 trident.
* * * LOW HITPOINT WARNING * * *
Unknown command.
You closely miss the ice beast.
The ice beast is severely wounded.
The orc hits you but does no damage. The ice beast hits you.
* * * LOW HITPOINT WARNING * * *
The ice beast freezes you.
You die...

........#
..........#
..........#
..........#
..........#
..........#
..........#
.......Y..##
.......@.#.#
.......)o#.##
..../.o.##..##
........##...##
........##....###
#......###......#
..# ###....
#....#.# ...#
##### #..#####
....## ##.##


You could see an ice beast and 2 orcs.

Vanquished Creatures
  An ice beast (D:4)
  2 orc priests (D:4)
  3 iguanas (D:4)
  2 orc wizards (D:4)
  2 gnolls (D:2)
  6 adders
  A shadow imp (D:5)
  3 dart slugs
  7 orcs
  3 bats (D:1)
  8 endoplasms
  5 giant cockroaches
  3 goblins
  5 hobgoblins
  6 jackals
  10 quokkas
  3 ball pythons (D:1)
  14 frilled lizards
  4 kobolds
  8 rats
96 creatures vanquished.

Notes
Turn   | Place    | Note
-------+----------+-------------------------------------------
     0 | D:1      | sircluck the Troll Berserker began the quest for the Orb.
     0 | D:1      | Reached XP level 1. HP: 22/22 MP: 0/0
   199 | D:1      | Reached XP level 2. HP: 29/29 MP: 1/1
   332 | D:1      | Reached ** piety under Trog
   552 | D:1      | Reached XP level 3. HP: 36/36 MP: 2/2
  1118 | D:2      | Reached XP level 4. HP: 44/44 MP: 3/3
  1160 | D:2      | Reached skill level 4 in Unarmed Combat
  1751 | D:3      | Found a broken altar of Ashenzari.
  1796 | D:3      | Reached XP level 5. HP: 49/53 MP: 4/4
  2174 | D:4      | Reached *** piety under Trog
  2252 | D:4      | Noticed an ice beast
  2262 | D:4      | Killed an ice beast
  2263 | D:4      | Reached skill level 5 in Unarmed Combat
  2297 | D:4      | Reached XP level 6. HP: 61/61 MP: 5/5
  2492 | D:4      | Noticed a +0 dagger
  2493 | D:4      | Noticed a +0 dagger
  2496 | D:4      | Found a hide-covered altar of Uskayaw.
  2732 | D:4      | Found a glowing golden altar of the Shining One.
  2740 | D:4      | Reached skill level 6 in Unarmed Combat
  2982 | D:5      | Entered Level 5 of the Dungeon
  3088 | D:5      | Noticed an ice beast
  3099 | D:5      | Slain by an ice beast

Illustrated notes

Levels and vault maps discovered:
D:1:      lemuel_arrival_cross, layout_loops_corners, minmay_lizard_king
D:2:      wad_woods_tower, layout_rooms, minmay_heptomino_o4
D:3:      layout_loops_ring, mainiacjoe_overflow_paths, serial_glass,
          glass_columns_c, glass_columns_a, glass_columns_a, glass_columns_a,
          glass_columns_a, glass_columns_b
D:4:      layout_loops_ring, mainiacjoe_overflow_surrounded_room,
          dancing_weapons_uskayaw, grunt_ministairs_15,
          minmay_misc_feat_more_columns, st_stairs_9, amcnicky_mini_pool_small,
          minmay_door_square, moated_statue
D:5:      wad_pebble_path, layout_cave_pods,
          mainiacjoe_overflow_six_doors_small, uniq_pikel

Skill      XL: |  1  2  3  4  5  6 |
---------------+-------------------+-----
Dodging        | 3 |  3.8
Unarmed Combat | 4 5 6 |  6.0
Fighting       | 3 |  3.1
Throwing       | |  0.1
Stealth        | |  0.8

Action                     |  1- 3 |  4- 6 || total
---------------------------+-------+-------++-------
  Melee: Unarmed           |   126 |   140 ||   266
         Punch             |     1 |     4 ||     5
  Throw: Stone             |       |     4 ||     4
    Use: Scroll            |       |     4 ||     4
         Potion            |       |     3 ||     3
   Stab: Sleeping          |     1 |       ||     1
         Distracted        |       |     1 ||     1
 Armour: Animal skin       |    57 |    38 ||    95
  Dodge: Dodged            |    68 |    81 ||   149
